 Dungeon Crawl Stone Soup version 0.29.0-11-gd7f09526c8 (webtiles) character file.

Game seed: 12597385510692525358

51 greasedhog the Sneak (level 3, -2/22 HPs)
             Began as a Vampire Abyssal Knight on Sept 2, 2022.
             Was a Priest of Lugonu.
             Slain by an iguana (6 damage)
             ... on level 2 of the Dungeon.
             The game lasted 00:02:02 (1824 turns).

greasedhog the Sneak (Vampire Abyssal Knight)       Turns: 1824, Time: 00:02:03

Health: -2/22      AC:  4    Str: 10 (12) XL:     3   Next: 58%
Magic:  4/4        EV: 12    Int: 10 (12) God:    Lugonu [***...]
Gold:   93         SH:  0    Dex: 14 (16) Spells: 2/2 levels left

rFire   . . .      SeeInvis +   a - +1 short sword
rCold   + + +      Faith    .   (no shield)
rNeg    + + +      Spirit   .   l - +2 robe {rC+}
rPois   ∞          Reflect  .   (no helmet)
rElec   .          Harm     .   (no cloak)
rCorr   .          Rampage  .   (no gloves)
Will    .....                   (no boots)
Stlth   ++++......              (no amulet)
HPRegen 0.00/turn               (no ring)
MPRegen 0.09/turn               (no ring)

@: bloodless, inhibited regen
A: bloodless, fangs 3, see invisible, vampiric 2
a: Bat Form, Revivify, Renounce Religion, Depart the Abyss, Bend Space, Banish


You were on level 2 of the Dungeon.
You worshipped Lugonu.
Lugonu was most pleased with you.
You visited 1 branch of the dungeon, and saw 3 of its levels.
You visited the Abyss 1 time.

You collected 93 gold pieces.

Inventory:

Hand Weapons
 a - a +1 short sword (weapon)
Armour
 l - a +2 robe of cold resistance (worn)
Jewellery
 n - a +6 ring of intelligence
Scrolls
 d - a scroll of enchant weapon
 e - a scroll of butterflies
 f - a scroll of teleportation
 h - a scroll of blinking
 m - a scroll of acquirement {unknown}
 o - a scroll of poison {unknown}
Potions
 b - a potion of lignification {unknown}
 c - 6 potions of heal wounds {unknown}
 g - 2 potions of haste {unknown}
 i - 3 potions of might {unknown}
 j - a potion of magic {unknown}
 k - 2 potions of curing {unknown}


   Skills:
 - Level 2.6 Fighting
 * Level 3.4 Short Blades
 - Level 0.7 Armour
 - Level 2.1 Dodging
 * Level 3.7 Stealth
 - Level 1.5 Invocations


You had 2 spell levels left.
You didn't know any spells.
Your spell library contained the following spells:

 Spells                   Type           Power      Damage    Failure   Level
 Conjure Flame            Conj/Fire      0%         6-21      75%         3
 Ignite Poison            Fire/Tmut/Pois 0%         N/A       75%         3
 Sticky Flame             Conj/Fire      0%         2d3       98%         4
 Freezing Cloud           Conj/Ice/Air   0%         6-21      100%        5
 Simulacrum               Ice/Necr       0%         N/A       100%        6
 Polar Vortex             Ice            0%         N/A       100%        9


Dungeon Overview and Level Annotations

Branches:
Dungeon (3/15)

Altars:
Nemelex Xobeh

Annotations:
D:3 Ijyb


Innate Abilities, Weirdness & Mutations

You do not regenerate when monsters are visible.
You are frail without blood (-20% HP).
You can heal yourself when you bite living creatures.
You are immune to poison.
You have razor-sharp teeth.
You have supernaturally acute eyesight. (SInv)
You are afflicted with vampirism and can become a bat while bloodless.


Message History

There is a stone staircase leading down here.
You start resting.
HP restored.
You climb downwards.
Level annotation: Ijyb The quokka bites you.
The quokka barely misses you.
There is a stone staircase leading up here.
You hit the quokka but do no damage. The quokka closely misses you.
You hit the quokka. You bite the quokka, but do no damage.
The quokka is severely wounded.
The quokka bites you.
You closely miss the quokka.
The quokka is severely wounded.
The quokka twitches its whiskers.
The quokka closely misses you.
The iguana hisses menacingly.
The quokka bites you.
The iguana bites you but does no damage.
The quokka closely misses you.
You climb upwards.
There is a stone staircase leading down here.
The iguana attacks as you move away!
The iguana bites you but does no damage.
The iguana attacks as you move away! The iguana bites you!
The quokka bites you.
* * * LOW HITPOINT WARNING * * *
You closely miss the quokka.
The quokka is severely wounded.
The quokka closely misses you. The quokka bites you.
* * * LOW HITPOINT WARNING * * *
You fail to use your ability.
The quokka bites you but does no damage.
The quokka attacks as you move away! The quokka closely misses you.
The quokka bites you but does no damage.
The quokka attacks as you move away! The quokka closely misses you.
You hit the quokka.
You kill the quokka!
Lugonu accepts your kill. The iguana attacks as you move away!
The iguana bites you.
You die...

.......................#
.......................#
.......................#
.......................#
.......................#
......#.....#..........#
.....####.##...........#
.....## #.##.#.l......##
......###.##.#..@.....#
...#..>##.#..#........#
.....#...............##
..#...#.....##.......#
.............#.......#
.............###.#####
.............# #.#
.............###.##
.)..##....##......#


You could see an iguana.

Vanquished Creatures
  An adder (D:3)
  A dart slug (D:2)
  An orc (D:3)
  6 endoplasms
  2 giant cockroaches
  4 hobgoblins
  4 jackals (D:2)
  2 quokkas (D:2)
  3 ball pythons (D:2)
  3 bats
  3 frilled lizards
  2 goblins
  A kobold (D:2)
  2 rats (D:3)
35 creatures vanquished.

Notes
Turn   | Place    | Note
-------+----------+-------------------------------------------
     0 | Abyss:1  | greasedhog the Vampire Abyssal Knight began the quest for
                  | the Orb.
     0 | Abyss:1  | Reached XP level 1. HP: 17/17 MP: 2/2
     1 | D:1      | Escaped the Abyss
    76 | D:1      | Reached skill level 1 in Stealth
   434 | D:1      | Found a faded altar of an unknown god.
   656 | D:2      | Reached XP level 2. HP: 18/18 MP: 3/3
  1165 | D:2      | Reached *** piety under Lugonu
  1170 | D:2      | Gained mutation: You are afflicted with vampirism and can
                  | become a bat while bloodless. [Vampire growth]
  1170 | D:2      | Reached XP level 3. HP: 20/22 MP: 4/4
  1283 | D:3      | Noticed Terence
  1490 | D:3      | Found a sparkling altar of Nemelex Xobeh.
  1517 | D:3      | Noticed Ijyb
  1824 | D:2      | Slain by an iguana

Illustrated notes

Levels and vault maps discovered:
D:1:      moated_graveyard_arrival, layout_loops_ring,
          hellmonk_ecumenical_altar_zigzags
D:2:      layout_rooms
D:3:      layout_basic, nemelex_spade_bored_becter,
          nicolae_elyvilon_temple_path, uniq_ijyb, uniq_terence

Skill      XL: |  1  2 |
---------------+-------+-----
Stealth        | 1 3 |  3.7
Short Blades   | 3 |  3.4
Fighting       | |  2.6
Armour         | |  0.7
Dodging        | |  2.1
Invocations    | |  1.5

Action                   || total
-------------------------++-------
Melee: Short sword       ||    96
       Bite              ||     8
 Abil: Exsanguinate      ||     1
       End Transformatio ||     1
       Bat Form          ||     1
  Use: Scroll            ||     4
 Stab: Sleeping          ||     7
Armor: Leather armour    ||     9
       Robe              ||    25
Dodge: Dodged            ||    81
